AoeStats
← ¬"M°rph!ne !? .CH

Arena

509931945Analyzed
4v4 RM · 3d ago on Sep 28, 2026· 40m 20s· 8 players
Game mode
Random Map
Map size
Large (8 player)
Population
200
Speed
Normal
Resources
Standard
Victory
Conquest
Starting age
Dark Age
Ending age
Imperial Age
RankedLock teamsTeams togetherTeam positionsShared explorationLock speedFull tech treeHidden civsTurbo modeCheats
Victory
Defeat
🇨🇳 Sicilians · China
1338
+7
🇨🇳 Dravidians · China
1250
+10
🇨🇳 Britons · China
1131
+31
🇨🇳 Huns · China
890
+24
🇺🇸 Bulgarians · United States
1148
-16
🇲🇽 Bohemians · Mexico
1127
-15
🇨🇭 Maya · Switzerland
1067
-12
🇬🇧 Danes · United Kingdom
1049
-12
¬"M°rph!ne !? .CH
0:32 Loom
11:23 Feudal Age
15:08 Castle Age
13:22 Double-Bit Axe
13:26 Horse Collar
16:12 Bow Saw
16:15 Heavy Plow
22:17 Fletching
22:45 Padded Archer Armor
24:24 Bodkin Arrow
24:44 Leather Archer Armor
24:53 Ballistics
26:06 Stone Mining
26:08 Gold Mining
26:53 Pikeman
27:33 Squires
27:19 Arson
27:47 Forging
27:38 Scale Mail Armor
31:35 Imperial Age
30:40 Caravan
31:38 Wheelbarrow
31:40 Elite Plumed Archer
32:40 Conscription
33:30 Chemistry
31:56 Crossbowman
32:43 Thumb Ring
33:42 Bracer
34:17 Ring Archer Armor
35:18 Hand Cart
35:49 Murder Holes
40:38 Iron Casting
AgEnT10101
0:52 Loom
10:55 Feudal Age
15:18 Wheelbarrow
18:07 Castle Age
16:20 Double-Bit Axe
16:19 Horse Collar
18:07 Stone Mining
18:08 Gold Mining
20:26 Scale Mail Armor
24:16 Bow Saw
25:39 Squires
26:04 Arson
26:38 Chain Mail Armor
27:12 Forging
28:19 Hand Cart
32:18 Imperial Age
31:16 Heavy Plow
33:00 Iron Casting
32:16 Fletching
32:26 Padded Archer Armor
32:24 Elite Jomsviking
33:28 Conscription
33:51 Plate Mail Armor
35:14 Blast Furnace
37:42 Elite Varangian Guard
orlandgw
10:05 Feudal Age
16:56 Castle Age
18:21 Double-Bit Axe
20:02 Bow Saw
21:00 Loom
25:17 Forging
28:42 Horse Collar
30:53 Fletching
32:19 Murder Holes
32:31 Heavy Plow
32:29 Bodkin Arrow
36:50 Imperial Age
34:58 Wheelbarrow
34:38 Pikeman
35:55 Ballistics
38:44 Chemistry
38:23 Iron Casting
dannyicecold69
10:03 Feudal Age
14:51 Castle Age
13:18 Double-Bit Axe
14:09 Horse Collar
19:58 Forging
27:18 Bow Saw
27:20 Heavy Plow
28:17 Wheelbarrow
30:31 Hand Cart
31:18 Pikeman
31:58 Fletching
32:45 Iron Casting
32:10 Scale Mail Armor
32:34 Murder Holes
36:23 Imperial Age
36:56 Halberdier
卢本伟
9:44 Feudal Age
14:04 Castle Age
12:12 Double-Bit Axe
12:38 Horse Collar
19:57 Heavy Plow
21:22 Wheelbarrow
22:53 Hand Cart
23:39 Gold Mining
28:09 Imperial Age
26:17 Stone Mining
27:43 Bloodlines
27:33 Husbandry
27:45 Scale Barding Armor
27:51 Forging
28:00 Bow Saw
30:06 Chain Barding Armor
30:21 Iron Casting
31:00 Two-Man Saw
31:28 Conscription
31:35 Marauders
30:55 Elite Tarkan
32:14 Plate Barding Armor
33:20 Blast Furnace
40:36 Sanctity
时尚
10:10 Feudal Age
13:49 Castle Age
11:59 Double-Bit Axe
12:22 Horse Collar
25:02 Wheelbarrow
28:26 Imperial Age
27:31 Hand Cart
28:08 Bow Saw
27:50 Loom
27:51 Town Watch
28:16 Heavy Plow
28:30 Forging
28:47 Gold Mining
29:18 Scale Barding Armor
28:45 Cavalier
29:47 Conscription
30:08 Gold Shaft Mining
30:26 Crop Rotation
30:22 Chain Barding Armor
30:10 Hauberk
31:05 Iron Casting
30:33 Husbandry
30:44 Bloodlines
31:59 Plate Barding Armor
36:08 Blast Furnace
36:15 Stone Mining
36:19 Fletching
37:35 Stone Shaft Mining
37:34 Arrowslits
37:46 Murder Holes
38:13 Ballistics
38:05 Masonry
38:37 Bodkin Arrow
40:18 Chemistry
39:33 Bracer
AJJ
11:55 Feudal Age
17:04 Castle Age
16:04 Double-Bit Axe
19:06 Horse Collar
27:42 Wheelbarrow
30:24 Hand Cart
30:36 Fletching
30:46 Padded Archer Armor
31:20 Gold Mining
31:20 Stone Mining
31:27 Stone Mining
31:52 Bow Saw
31:08 Crossbowman
34:51 Imperial Age
35:09 Bodkin Arrow
35:29 Leather Archer Armor
35:41 Arbalester
35:55 Elite Longbowman
36:56 Yeomen
39:18 Loom
39:21 Town Watch
39:59 Conscription
苏苏
9:59 Feudal Age
10:29 Feudal Age
14:41 Castle Age
12:35 Double-Bit Axe
20:57 Wheelbarrow
21:35 Horse Collar
22:50 Heavy Plow
22:44 Gold Mining
23:08 Bow Saw
29:57 Imperial Age
28:00 Fletching
28:37 Bodkin Arrow
28:49 Murder Holes
29:15 Ballistics
29:58 Masonry
Connection lost

Rejoining the realm…

Still unreachable

The connection could not be restored.

Session expired

The server has moved on; the page needs a fresh start.